 Dungeon Crawl Stone Soup version 0.29.1-1-gd02db6906a (webtiles) character file.

Game seed: 16662048543169141304

97 xian the Shooter (level 4, 0/38 HPs)
             Began as a Minotaur Hunter on Sept 22, 2022.
             Slain by an orc
             ... wielding a +2 hand axe of electrocution
              (4 damage)
             ... on level 3 of the Dungeon.
             The game lasted 00:03:41 (2681 turns).

xian the Shooter (Minotaur Hunter)                  Turns: 2681, Time: 00:03:41

Health: 0/38       AC:  3    Str: 17    XL:     4   Next: 42%
Magic:  3/3        EV: 12    Int:  6    God:
Gold:   81         SH:  0    Dex: 14    Spells: 3/3 levels left

rFire   + . .      SeeInvis .   a - +0 shortbow
rCold   x . .      Faith    .   (shield currently unavailable)
rNeg    . . .      Spirit   .   c - +0 leather armour
rPois   .          Reflect  .   (helmet restricted)
rElec   .          Harm     .   (no cloak)
rCorr   +          Rampage  .   (no gloves)
Will    .....                   (no boots)
Stlth   +.........              (no amulet)
HPRegen 0.12/turn               j - ring of fire
MPRegen 0.08/turn               f - ring of resist corrosion

@: weak-willed, invisible
A: horns 2, retaliatory headbutt
a: no special abilities


You were on level 3 of the Dungeon.
You visited 1 branch of the dungeon, and saw 3 of its levels.

You collected 81 gold pieces.

Inventory:

Hand Weapons
 a - a +0 shortbow (weapon)
 p - a +0 short sword
Missiles
 e - 3 datura-tipped darts
 h - 7 poisoned darts
Armour
 c - a +0 leather armour (worn)
Jewellery
 f - a ring of resist corrosion (right hand)
 j - a ring of fire (left hand)
Scrolls
 b - a scroll of immolation
 i - 6 scrolls of identify {unknown}
 q - a scroll of enchant weapon {unknown}
Potions
 g - 3 potions of curing {unknown}
 k - a potion of attraction {unknown}
 l - a potion of berserk rage {unknown}
 m - a potion of mutation {unknown}
 n - a potion of invisibility
 o - a potion of heal wounds {unknown}
 r - a potion of degeneration {unknown}
 s - 3 potions of magic {unknown}


   Skills:
 + Level 3.0 Fighting
 + Level 6.0 Ranged Weapons
 + Level 1.3 Armour
 + Level 2.2 Dodging
 + Level 0.7 Stealth


You had 3 spell levels left.
You didn't know any spells.
Your spell library was empty.

Dungeon Overview and Level Annotations

Branches:
Dungeon (3/15)

Altars:

Annotations:
D:3 Sigmund


Innate Abilities, Weirdness & Mutations

You have a pair of horns on your head.
You reflexively headbutt those who attack you in melee.


Message History

You shoot an arrow.
The arrow hits the orc but does no damage.
The orc is heavily wounded.
You shoot an arrow. The arrow closely misses the orc.
A goblin comes into view. It is wielding a +0 club.
You shoot an arrow. The arrow closely misses the orc.
The goblin shouts!
You shoot an arrow. The arrow hits the orc.
The orc is heavily wounded.
The kobold hits you with a +1 short sword of speed.
The kobold closely misses you. You furiously retaliate!
You headbutt the kobold, but do no damage.
You shoot an arrow. The arrow closely misses the orc.
An orc comes into view. It is wielding a +0 falchion.
The endoplasm closely misses you.
The orc hits you with a +2 hand axe of electrocution.
You are electrocuted!
The kobold barely misses you.
The kobold hits you with a +1 short sword of speed.
* * * LOW HITPOINT WARNING * * *
The orc hits you with a +0 dagger.
* * * LOW HITPOINT WARNING * * *
The orc barely misses you. The endoplasm completely misses you.
Unknown command.
As you read the scroll labelled ZOELIU USIUF, it crumbles to dust.
The orc shouts!
Magic quickly surges around you.
It was a scroll of vulnerability.
The kobold closely misses you. The endoplasm freezes you.
You are frozen.
You feel a terrible chill!
* * * LOW HITPOINT WARNING * * *
The orc hits you with a +2 hand axe of electrocution.
* * * LOW HITPOINT WARNING * * *
The orc closely misses you.
Okay, then.
Okay, then.
It was a potion of invisibility.
You fade into invisibility!
The kobold barely misses you. The kobold completely misses you.
The orc hits you with a +2 hand axe of electrocution.
You die...

#........#
#......#.#
#......#.#
#......#.#
##....###..
##.....# #.
##...#### .#
##.....##
#[...o@.#
..†....oKJ.#
.......g....#
..[...........
........).......
................
..o.......$....
...............


You could see 3 orcs, an endoplasm (weak-willed), a goblin (unable to see you,
weak-willed) and a kobold (unable to see you, weak-willed).

Vanquished Creatures
  A gnoll (D:1)
  4 adders (D:2)
  4 ball pythons
  A bat (D:1)
  3 endoplasms
  2 giant cockroaches (D:1)
  7 goblins
  4 hobgoblins
  5 jackals
  3 kobolds
  2 quokkas (D:1)
  5 frilled lizards
  8 rats
49 creatures vanquished.

Vanquished Creatures (others)
  6 plants
6 creatures vanquished.

Grand Total: 55 creatures vanquished

Notes
Turn   | Place    | Note
-------+----------+-------------------------------------------
     0 | D:1      | xian the Minotaur Hunter began the quest for the Orb.
     0 | D:1      | Reached XP level 1. HP: 18/18 MP: 0/0
   332 | D:1      | Reached XP level 2. HP: 25/25 MP: 1/1
   358 | D:1      | Reached skill level 5 in Ranged Weapons
   672 | D:1      | Reached XP level 3. HP: 30/30 MP: 2/2
   836 | D:1      | Reached skill level 1 in Armour
  1032 | D:2      | Found a faded altar of an unknown god.
  1456 | D:2      | Reached XP level 4. HP: 38/38 MP: 3/3
  2113 | D:2      | Reached skill level 6 in Ranged Weapons
  2318 | D:3      | Noticed Sigmund
  2681 | D:3      | Slain by an orc

Illustrated notes

Levels and vault maps discovered:
D:1:      amcnicky_arrival_single_pillar, layout_loops_ring, serial_bayou,
          serial_bayou_pond_d, serial_bayou_ford_a, serial_bayou_lagoon_a,
          serial_bayou_pond_e, minmay_small_reverse_x
D:2:      layout_basic, serial_rivers, chequers_serial_rivers_room_a,
          chequers_serial_rivers_small_b, chequers_serial_rivers_room_a,
          chequers_serial_rivers_micro_c, chequers_serial_rivers_small_b,
          chequers_serial_rivers_room_a, nicolae_ecumenical_pavilion,
          interstate_on_off, st_stairs_10
D:3:      layout_basic, serial_bayou, serial_bayou_shore_b, serial_bayou_lake_a,
          serial_bayou_shore_b, serial_bayou_pond_c, uniq_sigmund

Skill      XL: |  1  2  3  4 |
---------------+-------------+-----
Ranged Weapons | 5 6 |  6.0
Armour         | 1 |  1.3
Fighting       | 3 |  3.0
Dodging        | |  2.2
Stealth        | |  0.7

Action                   |  1- 3 |  4- 6 || total
-------------------------+-------+-------++-------
 Fire: Shortbow          |   104 |    48 ||   152
  Use: Scroll            |       |     1 ||     1
       Potion            |       |     1 ||     1
Armor: Leather armour    |    14 |     7 ||    21
Dodge: Dodged            |    45 |    16 ||    61
